 Dungeon Crawl Stone Soup version 0.24-a0-226-gca05e9d (webtiles) character file.

Game seed: 13845635328672493636

52047 Arthanis the Tortoise (level 14, -3/141 HPs)
             Began as a Gargoyle Berserker on Mar 31, 2019.
             Was a High Priest of Trog.
             Slain by a red devil
             ... wielding a +0 antimagic demon trident
             ... summoned by an orc high priest
              (22 damage)
             ... on level 2 of the Orcish Mines.
             The game lasted 00:28:56 (13625 turns).

Arthanis the Tortoise (Gargoyle Berserker)         Turns: 13625, Time: 00:28:58

Health: -3/141     AC:  7    Str: 26    XL:     14   Next: 62%
Magic:  0/26       EV: 12    Int: 13    God:    Trog [*****.]
Gold:   1228       SH:  0    Dex:  9    Spells: 13/13 levels left

rFire    . . .     SeeInvis .   Y - +7 executioner's axe (vamp)
rCold    . . .     Gourm    .   (shield currently unavailable)
rNeg     + . .     Faith    .   x - +27 Lear's hauberk
rPois    ∞         Spirit   +   (helmet currently unavailable)
rElec    +         Reflect  .   O - scarf {cloud immunity}
rCorr    .         Harm     .   (gloves currently unavailable)
MR       +....                  (boots currently unavailable)
Stlth    ..........             S - amulet of guardian spirit
HPRegen  0.33/turn              e - ring of magical power
MPRegen  0.20/turn              v - +2 ring of evasion

@: berserking (expiring), corroded, very quick
A: big wings, negative energy resistance 1, electricity resistance, unbreathing,
petrification resistance, rot immunity, AC +10
a: Fly, Berserk, Trog's Hand, Brothers in Arms, Renounce Religion


You were on level 2 of the Orcish Mines.
You worshipped Trog.
Trog was extremely pleased with you.
You were not hungry.

You visited 2 branches of the dungeon, and saw 17 of its levels.

You collected 1598 gold pieces.
You spent 370 gold pieces at shops.

Inventory:

Hand Weapons
 a - a +0 war axe
 b - the +8 autumn katana {slice, Clar}
   (You took it off a vampire on level 10 of the Dungeon)

   It inflicts extra damage upon your enemies.
   It protects you against confusion.
 D - a +0 spear
 Y - a +7 vampiric executioner's axe (weapon)
Armour
 f - a +2 helmet
 h - a +0 cloak
 q - a +0 shield
 x - the +27 Lear's hauberk (worn)
   (You found it on level 15 of the Dungeon)
 O - a scarf of cloud immunity (worn)
 Q - the +5 crystal plate armour of Wemoyx {+Inv rC+ MR++ Dex-4}
   (You acquired it on level 1 of the Orcish Mines)

   It affects your dexterity (-4).
   It protects you from cold.
   It affects your resistance to hostile enchantments.
   It lets you turn invisible.
Jewellery
 e - a ring of magical power (left hand)
 i - an uncursed amulet of the acrobat
 v - a +2 ring of evasion (right hand)
 y - an uncursed ring of fire
 B - an uncursed amulet of regeneration
 F - an uncursed ring of resist corrosion
 J - a +1 ring of evasion
 R - an uncursed amulet of rage
 S - an amulet of guardian spirit (around neck)
Wands
 s - a wand of paralysis (5)
 C - a wand of acid (5)
 I - a wand of flame (20)
 K - a wand of iceblast (23)
 L - a wand of random effects (19)
 W - a wand of scattershot (7)
Scrolls
 g - 3 scrolls of blinking
 k - 3 scrolls of noise
 m - a scroll of fog
 n - 3 scrolls of amnesia
 o - a scroll of enchant armour {unknown}
 p - 2 scrolls of immolation
 r - 2 scrolls of magic mapping
 u - 6 scrolls of remove curse
 w - 2 scrolls of fear
 z - a scroll of teleportation
 N - a scroll of summoning {unknown}
 T - a scroll of acquirement
 U - a scroll of silence {unknown}
 X - a scroll of vulnerability {unknown}
Potions
 d - a potion of agility {unknown}
 j - 2 potions of lignification {unknown}
 l - 4 potions of mutation
 A - 2 potions of heal wounds
 E - 2 potions of flight {unknown}
 G - 3 potions of haste
 M - a potion of cancellation {unknown}
 P - 6 potions of curing
 Z - a potion of berserk rage
Comestibles
 c - 28 rations
 t - 11 chunks of flesh


   Skills:
 + Level 13.6 Fighting
 * Level 15.5 Axes
 - Level 16.0 Armour
 + Level 2.9 Dodging
 - Level 4.0 Shields
 - Level 4.1 Evocations


You had 13 spell levels left.
You didn't know any spells.
Your spell library contained the following spells:

 Spells                   Type           Power        Failure   Level  Hunger
 Corona                   Hex            #......      75%         1    ##.....
 Sandblast                Erth           #.....       75%         1    ##.....
 Summon Small Mammal      Summ           #...         75%         1    ##.....
 Call Imp                 Summ           #.......     86%         2    ###....
 Ensorcelled Hibernation  Hex/Ice        #.....       86%         2    ###....
 Passwall                 Tmut/Erth      #.......     86%         2    ###....
 Call Canine Familiar     Summ           #.......     98%         3    ####...
 Confuse                  Hex            #.......     98%         3    ####...
 Dazzling Spray           Conj/Hex       #.....       98%         3    ####...
 Stone Arrow              Conj/Erth      #.....       98%         3    ####...
 Summon Guardian Golem    Hex/Summ       #.......     98%         3    ####...
 Tukima's Dance           Hex            #.......     98%         3    ####...
 Petrify                  Tmut/Erth      #.......     100%        4    #####..
 Summon Ice Beast         Ice/Summ       #.......     100%        4    #####..
 Summon Lightning Spire   Summ/Air       #.......     100%        4    #####..
 Lee's Rapid Deconstruct  Erth           #.........   100%        5    ######.


Dungeon Overview and Level Annotations

Branches:
Dungeon (15/15)            Temple (0/1) D:5            Lair (0/6) D:11
    Orc (2/2) D:12            Elf (0/3) Orc:2        Vaults (0/5) D:13
 Depths (0/5) D:15

Altars:
Cheibriados
Dithmenos
Gozag
Hepliaklqana
Kikubaaqudgha
Qazlal
Ru
Sif Muna
Uskayaw
Yredelemnul
Zin
The Shining One
Beogh

Shops:
Orc:1 *

Annotations:
D:6 3 runed translucent doors, MisterFreud's ghost, novice OpGl


Innate Abilities, Weirdness & Mutations

You are resistant to torment.
Your stone body is resilient. (AC +10)
You are immune to poison.
Your large and strong wings let you fly indefinitely.
You resist negative energy. (rN+)
You are resistant to electric shocks. (rElec)
You can survive without breathing.
You are immune to petrification.
You are immune to rotting.


Message History

The rust devil closely misses you.
You hit the orc high priest but do no damage.
The orc high priest is heavily wounded.
You hit the rust devil.
You hit the soul eater but do no damage.
The soul eater draws from the surrounding life force!
The soul eater is healed.
The red devil hits you but does no damage.
The orc high priest hits you with a +0 dire flail!
* * * LOW HITPOINT WARNING * * *
You barely miss the orc high priest.
The orc high priest is heavily wounded.
You hit the rust devil but do no damage.
You completely miss the soul eater.
Your skin stops crawling.
You feel less resistant to hostile enchantments.
The rust devil closely misses you. The soul eater hits you!!
* * * LOW HITPOINT WARNING * * *
The red devil hits you from afar with a +0 antimagic demon trident!!
You die...

###### #### ###.....###
###... #.........###
###..... ............##
##.......
...........###........
.#.#.#.#.#.#)#÷#.#.#.#.#
..............)((.......
......3@....)#.#).).....
......o4......).).......
.#.#.#.#4#.#.#.#.#.#.#.#
...........###........
............## ##.......
#.........### ###.....
###.....### ###...
###### ####


You could see a soul eater, an orc high priest, a rust devil and a red devil.

Vanquished Creatures
  A stone giant (Orc:1)
  Nessos (D:14)
  A fire dragon (D:15)
  2 yaktaur captains
  Fannar (Orc:1)
  2 hydras
  4 centaur warriors
  5 two-headed ogres
  6 tengu warriors
  4 orc high priests (Orc:2)
  2 unseen horrors
  A wizard (D:14)
  5 orc knights
  A wolf spider zombie (D:15)
  An orc sorcerer (Orc:1)
  3 manticores
  7 ugly things
  3 cyclopes
  A centaur skeleton (D:13)
  An efreet (D:14)
  3 yaktaurs
  A freezing wraith (D:14)
  A kobold demonologist (D:13)
  A komodo dragon (D:11)
  2 tengu conjurers
  5 trolls
  3 meliai (D:14)
  Grinder (D:4)
  3 hornets
  A polar bear (shapeshifter) (D:14)
  3 slime creatures (D:12)
  2 dream sheep (D:9)
  5 hippogriffs
  A meliai zombie (D:15)
  A vampire (D:10)
  A shadow (D:14)
  11 yaks
  A wraith (D:8)
  Eustachio (D:5)
  Menkaure (D:5)
  A steam dragon (D:11)
  6 hungry ghosts
  Edmund (D:4)
  3 vampire mosquitoes (D:14)
  3 wargs
  43 orc warriors
  3 phantoms
  A sky beast (D:10)
  An eye of draining (D:15)
  2 ice beasts
  A necrophage (D:10)
  10 ogres
  2 crocodiles
  3 big kobolds (D:9)
  15 centaurs
  12 bullfrogs
  3 scorpions
  A water moccasin skeleton (D:8)
  4 wights (D:7)
  A howler monkey (D:7)
  4 electric eels (D:15)
  5 crimson imps
  5 human zombies (D:8)
  2 quasits
  5 hounds
  3 jellies
  2 bullfrog zombies
  5 centaur zombies
  33 orc priests
  29 orc wizards
  6 bullfrog skeletons
  Ijyb (D:3)
  9 iguanas
  4 human skeletons (D:8)
  11 worker ants
  3 hell rats (D:6)
  A killer bee zombie (D:10)
  An ogre zombie (D:8)
  A hound zombie (D:5)
  A mummy (D:8)
  5 worker ant zombies
  Robin (D:4)
  10 adders
  4 gnolls (D:3)
  4 river rats (D:6)
  3 shadow imps
  2 oozes (D:1)
  An adder zombie (D:5)
  2 adder skeletons (D:9)
  3 worms
  4 dart slugs
  13 leopard geckos
  112 orcs
  4 giant cockroaches
  19 goblins
  11 hobgoblins
  11 jackals
  4 quokkas
  2 ball pythons
  A ball python zombie (D:5)
  6 bats
  2 frilled lizards (D:1)
  2 giant cockroach zombies (D:5)
  11 kobolds
  2 leopard gecko skeletons (D:4)
  A leopard gecko zombie (D:7)
  2 quokka zombies
  21 rats
  A plant (D:11)
611 creatures vanquished.

Vanquished Creatures (others)
  A plant (D:11)
1 creature vanquished.

Grand Total: 612 creatures vanquished

Notes
Turn   | Place    | Note
-------+----------+-------------------------------------------
     0 | D:1      | Arthanis the Gargoyle Berserker began the quest for the
                  | Orb.
     0 | D:1      | Reached XP level 1. HP: 14/14 MP: 1/1
   123 | D:1      | Reached XP level 2. HP: 19/19 MP: 2/2
   485 | D:1      | Reached XP level 3. HP: 23/23 MP: 3/3
   850 | D:2      | Reached ** piety under Trog
   907 | D:2      | Reached XP level 4. HP: 11/29 MP: 4/4
   951 | D:2      | Found a faded altar of an unknown god.
  1026 | D:2      | Found a hazy altar of Hepliaklqana.
  1085 | D:2      | Reached skill level 3 in Armour
  1561 | D:3      | Reached XP level 5. HP: 27/33 MP: 5/5
  1574 | D:3      | Noticed Ijyb
  1602 | D:3      | Killed Ijyb
  1602 | D:3      | Reached skill level 1 in Shields
  1836 | D:3      | Reached XP level 6. HP: 39/39 MP: 6/6
  2069 | D:3      | Reached *** piety under Trog
  2181 | D:4      | Noticed Grinder
  2199 | D:4      | Killed Grinder
  2199 | D:4      | Received a gift from Trog
  2199 | D:4      | Reached skill level 4 in Armour
  2199 | D:4      | Reached skill level 1 in Evocations
  2199 | D:4      | Reached XP level 7. HP: 26/44 MP: 8/8
  2214 | D:4      | Reached skill level 5 in Axes
  2303 | D:4      | Reached skill level 5 in Fighting
  2459 | D:4      | Noticed Edmund
  2472 | D:4      | Killed Edmund
  2644 | D:4      | Noticed Robin
  2673 | D:4      | Reached XP level 8. HP: 26/49 MP: 9/9
  2678 | D:4      | Killed Robin
  2728 | D:4      | Found a hide-covered altar of Uskayaw.
  2911 | D:5      | Entered Level 5 of the Dungeon
  2966 | D:5      | Noticed Menkaure
  2977 | D:5      | Killed Menkaure
  2988 | D:5      | Found a staircase to the Ecumenical Temple.
  3188 | D:5      | Received a gift from Trog
  3239 | D:5      | Noticed Eustachio
  3254 | D:5      | Killed Eustachio
  3474 | D:5      | Found a snail-covered altar of Cheibriados.
  3571 | D:5      | Got a twisted leather armour
  3709 | D:6      | Found a stormy altar of Qazlal.
  4041 | D:6      | Found a runed translucent gate.
  4041 | D:6      | Found a runed translucent gate.
  4041 | D:6      | Found a runed translucent gate.
  4041 | D:6      | Found an opulent altar of Gozag.
  4041 | D:6      | Noticed a hippogriff
  4041 | D:6      | Noticed MisterFreud's ghost (novice OpGl)
  4068 | D:6      | Reached XP level 9. HP: 55/55 MP: 11/11
  4078 | D:6      | Reached skill level 5 in Armour
  4370 | D:6      | Reached **** piety under Trog
  4468 | D:6      | Found the +2 ratskin cloak {+Rats rPois rN+ Str-1 Int-1
                  | Dex+1}
  4813 | D:6      | Found an ancient bone altar of Kikubaaqudgha.
  4879 | D:7      | You fall through a shaft!
  4916 | D:7      | Found a sacrificial altar of Ru.
  5112 | D:7      | Reached skill level 6 in Armour
  5248 | D:7      | Found Zin's Purification Station.
  5249 | D:7      | Found a glowing silver altar of Zin.
  5264 | D:7      | Bought a potion of curing for 90 gold pieces
  5474 | D:7      | Found a shadowy altar of Dithmenos.
  5843 | D:7      | Reached skill level 7 in Armour
  5910 | D:8      | Reached ***** piety under Trog
  6077 | D:8      | Noticed a two-headed ogre
  6086 | D:8      | Killed a two-headed ogre
  6086 | D:8      | Reached skill level 8 in Armour
  6086 | D:8      | Reached XP level 10. HP: 64/64 MP: 13/13
  6295 | D:8      | Found a basalt altar of Yredelemnul.
  6353 | D:8      | Reached skill level 9 in Armour
  6714 | D:9      | You fall through a shaft for 2 floors!
  6819 | D:11     | Noticed a two-headed ogre
  6841 | D:11     | Killed a two-headed ogre
  6841 | D:11     | Reached skill level 10 in Axes
  6841 | D:11     | Reached skill level 10 in Armour
  6862 | D:10     | Entered Level 10 of the Dungeon
  6954 | D:11     | Noticed a red ugly thing
  6971 | D:11     | Killed a red ugly thing
  6971 | D:11     | Reached XP level 11. HP: 71/71 MP: 14/14
  7223 | D:11     | Found a staircase to the Lair.
  7285 | D:10     | Noticed a cyclops
  7293 | D:10     | Killed a cyclops
  7293 | D:10     | Reached skill level 11 in Armour
  7375 | D:9      | Received a gift from Trog
  7479 | D:9      | Found a deep blue altar of Sif Muna.
  7798 | D:9      | Found a glowing golden altar of the Shining One.
  7798 | D:9      | Paralysed by fainting for 6 turns
  7968 | D:9      | Noticed a three-headed hydra
  7978 | D:9      | Killed a ten-headed hydra
  8166 | D:10     | Reached skill level 10 in Fighting
  8457 | D:10     | Found a runed translucent door.
  8460 | D:10     | Found a runed translucent door.
  8532 | D:10     | Reached skill level 12 in Armour
  8632 | D:10     | Noticed a green ugly thing
  8632 | D:10     | Noticed a manticore
  8635 | D:10     | Noticed a purple ugly thing
  8644 | D:10     | Killed a purple ugly thing
  8647 | D:10     | Killed a purple ugly thing
  8650 | D:10     | Identified the +8 scimitar "Tuemopla" {elec, rPois rC+
                  | Dex+6 Stlth+}
  8656 | D:10     | Killed a manticore
  9116 | D:11     | Killed an unseen horror
  9116 | D:11     | Reached XP level 12. HP: 78/78 MP: 15/15
  9236 | D:11     | You fall through a shaft for 2 floors!
  9277 | D:13     | Noticed a five-headed hydra
  9339 | D:14     | Reached skill level 13 in Armour
  9366 | D:14     | Noticed a centaur warrior
  9386 | D:14     | Killed a centaur warrior
  9579 | D:14     | You fall through a shaft!
  9579 | D:15     | Entered Level 15 of the Dungeon
  9595 | D:15     | Found the +27 Lear's hauberk
  9603 | D:15     | Reached ****** piety under Trog
  9652 | D:15     | Noticed a two-headed ogre
  9664 | D:15     | Killed a two-headed ogre
  9667 | D:15     | Reached skill level 14 in Armour
  9680 | D:15     | Noticed a centaur warrior
  9689 | D:15     | Killed a centaur warrior
  9689 | D:15     | Received a gift from Trog
  9695 | D:15     | Got a pitted ring mail
  9777 | D:15     | Found a staircase to the Depths.
  9777 | D:15     | Noticed a yaktaur captain
  9781 | D:15     | Killed a yaktaur captain
  9785 | D:15     | Noticed a centaur warrior
  9794 | D:15     | Killed a centaur warrior
  9794 | D:15     | Reached XP level 13. HP: 85/85 MP: 16/16
  9888 | D:15     | Noticed a fire dragon
  9902 | D:15     | Killed a fire dragon
 10052 | D:15     | Identified the +8 ring mail of the Butterfly {*Contam MR+
                  | rCorr SInv} (You found it on level 15 of the Dungeon)
 10144 | D:15     | Reached skill level 15 in Armour
 10285 | D:14     | Paralysed by a wizard for 5 turns
 10460 | D:14     | Noticed Nessos
 10509 | D:14     | Killed Nessos
 10811 | D:13     | Received a gift from Trog
 10869 | D:13     | Noticed a yaktaur captain
 10874 | D:13     | Found a gate to the Vaults.
 10892 | D:13     | Killed a yaktaur captain
 10982 | D:13     | Received a gift from Trog
 11021 | D:13     | Identified the +1 leather armour of Mental Paralysis
                  | {Str+4} (You found it on level 5 of the Dungeon)
 11434 | D:13     | Gained mutation: Your large and strong wings let you fly
                  | indefinitely. [Gargoyle growth]
 11434 | D:13     | Reached XP level 14. HP: 92/92 MP: 17/17
 11710 | D:12     | Paralysed by fainting for 10 turns
 11871 | D:12     | Found a staircase to the Orcish Mines.
 12175 | Orc:1    | Entered Level 1 of the Orcish Mines
 12274 | Orc:2    | Entered Level 2 of the Orcish Mines
 12316 | Orc:2    | Found a staircase to the Elven Halls.
 12339 | Orc:2    | Reached skill level 15 in Axes
 12343 | Orc:2    | Received a gift from Trog
 12413 | Orc:1    | Noticed a stone giant
 12425 | Orc:1    | Killed a stone giant
 12435 | Orc:1    | Noticed Fannar
 12435 | Orc:1    | Paralysed by an orc sorcerer for 2 turns
 12441 | Orc:1    | Reached skill level 16 in Armour
 12480 | Orc:1    | Killed Fannar
 12635 | Orc:1    | Found Gytixkas's General Store.
 12643 | Orc:1    | Bought a scroll of identify for 28 gold pieces
 12643 | Orc:1    | Bought a scroll of enchant weapon for 105 gold pieces
 12643 | Orc:1    | Bought a scroll of enchant weapon for 105 gold pieces
 12643 | Orc:1    | Bought a scroll of remove curse for 42 gold pieces
 12643 | Orc:1    | Identified 3 scrolls of acquirement
 12664 | Orc:1    | Got a turquoise-encrusted crystal plate armour
 12675 | Orc:1    | Identified the +5 crystal plate armour of Wemoyx {+Inv rC+
                  | MR++ Dex-4} (You acquired it on level 1 of the Orcish
                  | Mines)
 12903 | Orc:2    | Found a roughly hewn altar of Beogh.
 13523 | Orc:2    | Received a gift from Trog
 13625 | Orc:2    | Slain by a red devil

Levels and vault maps discovered:
D:1:      lightli_arrival_maybe_door_vault, layout_loops_corners,
          minmay_misc_feat_chi
D:2:      layout_loops_ring, lemuel_doored_altar,
          chequers_ecumenical_altar_simple_redux, grunt_decor_one_mirror
D:3:      kennysheep_the_goblin_king, layout_basic, first_ration
D:4:      layout_loops_ring, overflow_temple_1_default, uniq_robin, uniq_edmund,
          uniq_grinder
D:5:      layout_rooms, slow_altar_2, temple_statues, serial_undead,
          serial_undead_e, serial_undead_d, serial_undead_a, serial_undead_c,
          serial_undead_b, kennysheep_minor_cross, minmay_manual_mullet,
          uniq_eustachio, uniq_menkaure, uniq_ijyb
D:6:      wander_guarded_unrand_ratskin, layout_basic,
          overflow_temple_1_default, lemuel_zombie_altar_kikubaaqudgha,
          ebering_ghost_gozag
D:7:      layout_basic, kennysheep_mini_moat, zin_purify,
          nicolae_ru_sacrificial_ziggurat
D:8:      layout_cave_pools, lemuel_mausoleum_altar_yredelemnul
D:9:      layout_stronghold, kennysheep_little_box, hangedman_ranch
          [blue_anna_fruit_fields], lemuel_statue_altar
D:10:     minmay_the_grid_triangle_9x9_rhombus_full
          [minmay_the_grid_triangle_9x9_tough_junction,
          minmay_the_grid_triangle_9x9_alien,
          minmay_the_grid_triangle_9x9_stretched_checkered,
          minmay_the_grid_triangle_9x9_from_above,
          minmay_the_grid_triangle_9x9_steps,
          minmay_the_grid_triangle_9x9_descending_squares,
          minmay_the_grid_triangle_9x9_zippers_vertical,
          minmay_the_grid_triangle_9x9_prize_schism], layout_gridville,
          kennysheep_crisscross
D:11:     layout_small_grid, david_lair_shrubbed, grunt_decor_cap
D:12:     layout_long_grid, orc_0_dummy
D:13:     layout_stronghold, david_vaults_2
D:14:     layout_roguey, chequers_serial_rivers_marsh, special_room
          [special_room_orc], uniq_nessos
D:15:     grunt_enter_depths_snipers, layout_basic,
          hangedman_abyss_or_decor_clamps
Orc:1:    layout_caves, serial_shops, shop, uniq_fannar
Orc:2:    st_orc_pillars, layout_diamond_mine, basic_altar

Skill      XL: |  1  2  3  4  5  6  7  8  9 10 11 12 13 14 |
---------------+-------------------------------------------+-----
Axes           | 3 4 5 7 9 10 12 13 14 15 | 15.5
Dodging        | 2 |  2.9
Armour         | 3 4 8 10 12 14 15 16 | 16.0
Fighting       | 4 5 6 7 9 10 11 12 13 | 13.6
Shields        | 1 2 3 4 |  4.0
Evocations     | 1 2 3 4 |  4.1

Action                   |  1- 3 |  4- 6 |  7- 9 | 10-12 | 13-15 || total
-------------------------+-------+-------+-------+-------+-------++-------
Melee: Hand axe          |   127 |    88 |       |       |       ||   215
       Whip              |       |    63 |   644 |   337 |       ||  1044
       War axe           |       |       |    50 |   180 |       ||   230
       Executioner's axe |       |       |       |   364 |   626 ||   990
Invok: Berserk           |       |     4 |     9 |    13 |    11 ||    37
       Trog's Hand       |       |     1 |     1 |     4 |    10 ||    16
Evoke: Wand              |       |       |       |     9 |     2 ||    11
  Use: Scroll            |       |       |       |    11 |    15 ||    26
  Eat: Chunk             |       |     8 |    21 |    23 |    30 ||    82
       Ration            |       |       |     2 |     8 |     1 ||    11
Armor: Animal skin       |    15 |       |       |       |       ||    15
       Ring mail         |    65 |    71 |   223 |       |       ||   359
       Plate armour      |       |       |    25 |   710 |       ||   735
       Chain mail        |       |       |       |    92 |   880 ||   972
Dodge: Dodged            |    84 |    72 |   189 |   289 |   574 ||  1208
Block: Shield            |       |    54 |   313 |   182 |       ||   549

Table legend:
 A = Non-vault XP
 B = Vault XP
 C = Vault XP percentage of total XP
 D = Non-vault monster count
 E = Vault monster count
 F = Vault count percentage of total count
                 A         B        C        D         E       F
            +---------+---------+-------+---------+---------+-------
      Total |   49402 |   24952 |  33.6 |     420 |     190 |  31.1
            +---------+---------+-------+---------+---------+-------
        D:1 |      54 |       0 |   0.0 |      26 |       0 |   0.0
        D:2 |      65 |       0 |   0.0 |      21 |       0 |   0.0
        D:3 |     205 |      48 |  19.0 |      28 |       7 |  20.0
        D:4 |     460 |     503 |  52.2 |      20 |      14 |  41.2
        D:5 |     272 |     489 |  64.3 |       5 |      15 |  75.0
        D:6 |     373 |     168 |  31.1 |      11 |      21 |  65.6
        D:7 |    1318 |       0 |   0.0 |      29 |       0 |   0.0
        D:8 |    1893 |     630 |  25.0 |      17 |      12 |  41.4
        D:9 |    1254 |    2191 |  63.6 |      23 |       8 |  25.8
       D:10 |    1514 |    3020 |  66.6 |      31 |      17 |  35.4
       D:11 |    4746 |     343 |   6.7 |      23 |       1 |   4.2
       D:12 |    3750 |       0 |   0.0 |      25 |       0 |   0.0
       D:13 |    6817 |    1834 |  21.2 |      27 |       3 |  10.0
       D:14 |   10754 |    3167 |  22.7 |      44 |      26 |  37.1
       D:15 |   10285 |    2377 |  18.8 |      29 |       3 |   9.4
      Orc:1 |    4114 |     941 |  18.6 |      35 |       1 |   2.8
      Orc:2 |    1528 |    9241 |  85.8 |      26 |      62 |  70.5
            +---------+---------+-------+---------+---------+-------
